 Dungeon Crawl Stone Soup version 0.31-a0-236-g9a0961fb85 (webtiles) character file.

Game seed: 17657275053791139191

98 qw the Shooter (level 4, -1/26 HPs)
             Began as a Gargoyle Hexslinger on July 10, 2023.
             Slain by an orc wizard
             ... wielding a +0 dagger
              (2 damage)
             ... on level 3 of the Dungeon.
             The game lasted 00:00:54 (2242 turns).

qw the Shooter (Gargoyle Hexslinger)                Turns: 2242, Time: 00:00:55

Health: -1/26      AC:  9    Str: 12    XL:     4   Next: 71%
Magic:  5/5        EV: 10    Int: 13    God:
Gold:   147        SH:  0    Dex: 14    Spells: 4/5 levels left

rFire   . . .        Y - +1 sling
rCold   . . .        (no shield)
rNeg    + . .        i - +0 ring mail
rPois   inf          (no helmet)
rElec   +            (no cloak)
rCorr   .            g - +0 pair of gloves
SInv    .            (no boots)
Will    .....        (no amulet)
Stlth   +            (no ring)
HPRegen 0.24/turn    (no ring)
MPRegen 0.09/turn

%: no passive effects
@: no status effects
A: sickness immunity, AC +3, negative energy resistance 1, electricity
resistance, torment resistance 1, petrification resistance
a: no special abilities


You were on level 3 of the Dungeon.
You visited 1 branch of the dungeon, and saw 3 of its levels.

You collected 147 gold pieces.


Innate Abilities, Weirdness & Mutations

You are immune to sickness and miasma.
Your stone body is resilient. (AC +3)
You are immune to poison.
You resist negative energy. (rN+)
You are resistant to electric shocks. (rElec)
You are resistant to unholy torment.
You are immune to petrification.


   Skills:
 - Level 2.0 Fighting
 + Level 4.2 Ranged Weapons
 - Level 1.1 Armour
 - Level 1.5 Dodging
 - Level 1.0 Spellcasting
 - Level 2.6 Hexes


You had 4 spell levels left.
You knew the following spells:

 Your Spells              Type           Power      Damage    Failure   Level
a - Slow                  Hex            28%        N/A       22%         1

Your spell library contained the following spells:

 Spells                   Type           Power      Damage    Failure   Level
 Inner Flame              Hex/Fire       4%         N/A       73%         3
 Portal Projectile        Hex/Tloc       8%         N/A       73%         3
 Cause Fear               Hex            3%         N/A       91%         4

Inventory:

Hand Weapons
 Y - a +1 sling (weapon)
Armour
 g - a +0 pair of gloves (worn)
 i - a +0 ring mail (worn)
Potions
 a - a potion of brilliance {unknown}
 f - a potion of attraction {unknown}
 h - a potion of curing {unknown}
 j - a potion of degeneration {unknown}
 k - a potion of enlightenment {unknown}

Dungeon Overview and Level Annotations

Branches:
Dungeon (3/15)

Altars:

Shops:
D:2 :


Message History

You shoot a sling bullet.
The sling bullet closely misses the orc.
The orc barely misses you.
You shoot a sling bullet. The sling bullet hits the orc.
The orc is moderately wounded.
You shoot a sling bullet. The sling bullet barely misses the orc.
The orc hits you with a +0 hand axe. The orc closely misses you.
You shoot a sling bullet.
The sling bullet hits the orc but does no damage.
The orc is moderately wounded.
The orc closely misses you. Something hits you but does no damage.
The orc hits you with a +0 flail.
You shoot a sling bullet. The sling bullet barely misses the orc.
The orc closely misses you. Something hits you but does no damage.
The orc hits you but does no damage.
You shoot a sling bullet.
The sling bullet closely misses the orc.
The orc hits you but does no damage. Something hits you but does no damage.
The orc hits you with a +0 flail!
You shoot a sling bullet.
The sling bullet hits the orc but does no damage.
The orc is moderately wounded.
The orc hits you with a +0 hand axe. Something hits you but does no damage.
The orc barely misses you.
You shoot a sling bullet. The sling bullet hits the orc!
You kill the orc!
Something hits you. The orc hits you but does no damage.
The orc hits you with a +0 flail! The orc closely misses you.
Something hits you but does no damage.
You shoot a sling bullet.
The sling bullet completely misses the orc.
Something hits you but does no damage. The orc closely misses you.
The orc hits you but does no damage.
You shoot a sling bullet.
The sling bullet completely misses the orc.
Something hits you but does no damage. The orc hits you with a +0 flail.
The orc hits you but does no damage.
You shoot a sling bullet. The sling bullet barely misses the orc.
Something hits you.
You die...

#..>.... #......
####..... # ..#....
#.#.#... ...oo . #o.#
# ....##o@#####.#
............>.#
....##..#.....#
....##..#.##..# .
......#..#.##
###.......#
#########.#.##.##
................. #
######.....##.########


You could see 4 orcs.

Vanquished Creatures
  2 adders
  2 worms (D:2)
  4 dart slugs (D:1)
  An orc (D:3)
  4 endoplasms
  4 giant cockroaches
  3 goblins (D:1)
  8 hobgoblins
  4 quokkas
  11 ball pythons
  6 bats
  6 frilled lizards
  2 kobolds
  5 rats
62 creatures vanquished.

Notes
Turn   | Place    | Note
-------+----------+-------------------------------------------
     0 | D:1      | qw the Gargoyle Hexslinger began the quest for the Orb.
     0 | D:1      | Reached XP level 1. HP: 12/12 MP: 2/2
     0 | D:1      | 0 ||| qw: Version: 0.3-a-52-g30416fa
     0 | D:1      | 0 ||| qw: Game counter: 4704
     0 | D:1      | 0 ||| qw: Melee chars always use a shield: true
     0 | D:1      | 0 ||| qw: God list: Okawaru
     0 | D:1      | 0 ||| qw: Allow faded altars: false
     0 | D:1      | 0 ||| qw: Do Orc after clearing Dungeon:15 true
     0 | D:1      | 0 ||| qw: Do second Lair branch before Depths: true
     0 | D:1      | 0 ||| qw: Lair rune preference: random
     0 | D:1      | 0 ||| qw: Goals: Normal
     0 | D:1      | 0 ||| PLANNING D:1-11
    53 | D:1      | Reached XP level 2. HP: 16/16 MP: 3/3
   151 | D:1      | Reached skill level 3 in Ranged Weapons
   344 | D:1      | Reached XP level 3. HP: 21/21 MP: 4/4
   975 | D:1      | 975 ||| UPGRADING to +0 pair of gloves.
   980 | D:1      | 980 ||| UPGRADING to +0 ring mail.
   990 | D:1      | 990 ||| DROPPING +0 robe.
   991 | D:1      | 991 ||| READING scroll labelled NONKAE ASMUYDYSAMP.
   992 | D:1      | 992 ||| READING 2 scrolls labelled ELIDAW YMURE.
   993 | D:1      | 993 ||| DROPPING scroll of poison.
   994 | D:1      | 994 ||| DROPPING scroll of noise.
  1051 | D:2      | HP: 5/21 [adder (2)]
  1053 | D:2      | HP: 2/21 [adder (1)]
  1054 | D:2      | 1054 ||| STAIRDANCE
  1058 | D:1      | HP: 1/21 [adder (1)]
  1060 | D:1      | Reached skill level 1 in Armour
  1061 | D:1      | Reached XP level 4. HP: 1/26 MP: 5/5
  1316 | D:2      | Found Tybrox's Book Shop.
  1527 | D:2      | HP: 6/26 [worm (6)]
  1871 | D:2      | Reached skill level 4 in Ranged Weapons
  2037 | D:2      | 2037 ||| READING 2 scrolls labelled ANKYKUWNEU.
  2038 | D:2      | 2038 ||| READING scroll labelled GOK IRAVVIANN.
  2039 | D:2      | 2039 ||| READING scroll labelled CUARAO GAATUECS.
  2140 | D:2      | 2140 ||| READING scroll labelled JOOMIONOVE.
  2145 | D:2      | 2145 ||| READING scroll labelled JYLOUR KUFFUKU.
  2146 | D:2      | 2146 ||| DROPPING scroll of blinking.
  2239 | D:3      | HP: 1/26 [orc/+0 flail (7)]
  2242 | D:3      | Slain by an orc wizard

Levels and vault maps discovered:
D:1:      sevenhm_arrival_forest_fort_large_4, layout_basic,
          supply_closet_lemuel
D:2:      layout_loops_cross, serial_shops, shop, hangedman_decor_slide_cut,
          minmay_misc_feat_rugged, minmay_hedge_maze
D:3:      layout_basic, bloody_makhleb, trog_three_pillars_becter,
          mainiacjoe_overflow_surrounded_room, lemuel_crystal_altar,
          gammafunk_ghost_mausoleum, hellmonk_ecumenical_altar_defaced_shrine

Skill      XL: |  1  2  3  4 |
---------------+-------------+-----
Ranged Weapons | 3 4 |  4.2
Fighting       | 2 |  2.0
Armour         | 1 |  1.1
Dodging        | |  1.5
Spellcasting   | |  1.0
Hexes          | |  2.6

Action                     |  1- 3 |  4- 6 || total
---------------------------+-------+-------++-------
   Fire: Sling             |   108 |   114 ||   222
    Use: Scroll            |     2 |     5 ||     7
 Armour: Robe              |     5 |       ||     5
         Ring mail         |    19 |    34 ||    53
  Dodge: Dodged            |    34 |    42 ||    76

Table legend:
 A = Non-vault XP
 B = Vault XP
 C = Vault XP percentage of total XP
 D = Non-vault monster count
 E = Vault monster count
 F = Vault count percentage of total count
                 A         B        C        D         E       F
            +---------+---------+-------+---------+---------+-------
      Total |     141 |       0 |   0.0 |      62 |       0 |   0.0
            +---------+---------+-------+---------+---------+-------
        D:1 |      80 |       0 |   0.0 |      37 |       0 |   0.0
        D:2 |      41 |       0 |   0.0 |      21 |       0 |   0.0
        D:3 |      20 |       0 |   0.0 |       4 |       0 |   0.0
            +---------+---------+-------+---------+---------+-------
